AoeStats
← Brezel

Arabia

510343351Analyzed
1v1 RM · 18h ago on Sep 30, 2026· 28m 43s· 2 players
Game mode
Random Map
Map size
Tiny (2 player)
Population
200
Speed
Normal
Resources
Standard
Victory
Conquest
Starting age
Dark Age
Ending age
Imperial Age
RankedLock teamsTeams togetherTeam positionsShared explorationLock speedFull tech treeHidden civsTurbo modeCheats
Victory
Defeat
🇩🇪 Saxons · Germany
1217
+15
🇷🇴 Ethiopians · Romania
1199
-15
radu
5:45 Loom
11:04 Feudal Age
14:50 Gold Mining
23:06 Castle Age
21:30 Fletching
23:09 Crossbowman
Brezel
6:02 Loom
9:31 Feudal Age
9:37 Man-at-Arms
10:03 Double-Bit Axe
9:59 Horse Collar
16:55 Arson
22:17 Castle Age
20:54 Fletching
22:13 Padded Archer Armor
22:18 Gold Mining
23:01 Scale Mail Armor
22:36 Elite Skirmisher
23:37 Squires
24:45 Thumb Ring
26:21 Bodkin Arrow
Connection lost

Rejoining the realm…

Still unreachable

The connection could not be restored.

Session expired

The server has moved on; the page needs a fresh start.